Map: Bel'Shir Vestige LE (Void)

Players

NonY - Winner!

  • Race: Protoss Protoss
  • Spawn Location: 5:00

xKawaiian

  • Race: Terran Terran
  • Spawn Location: 11:00

Event: WCS Austin 2017

VOD

Have the link to the VOD?

Description

Time

  • Played on: April 28, 2017, 6:19 p.m.
  • Length: 6:29

All games in this series

Show
View Real Time Build Order
Export as new Build Order

NonY Protoss - Winner!

Build Orders: 1 Gate Expand 

Get SALT Encoding   

  12  0:00  Probe (Chrono Boost)  
  13  0:11  Probe (Chrono Boost)  
  14  0:16  Pylon  
  14  0:22  Probe (Chrono Boost)  
  14  0:27  Assimilator  
  15  0:34  Probe (Chrono Boost)  
  16  0:40  Gateway  
  16  0:45  Probe (Chrono Boost)  
  17  0:56  Probe (Chrono Boost)  
  18  1:06  Probe (Chrono Boost)  
  19  1:17  Nexus  
  19  1:20  Probe (Chrono Boost)  
  20  1:29  Cybernetics Core  
  20  1:33  Probe (Chrono Boost)  
  20  1:38  Assimilator  
  21  1:44  Probe (Chrono Boost)  
  22  1:50  Pylon  
  22  1:56  Probe (Chrono Boost)  
  22  1:57  Warp Gate  
  23  2:06  Stalker  
  23  2:08  Probe (Chrono Boost)  
  25  2:20  Probe (Chrono Boost)  
  25  2:21  Robotics Facility  
  27  2:31  Probe (Chrono Boost)  
  27  2:32  Stalker  
  27  2:33  Probe (Chrono Boost)  
  30  2:46  Probe x2 (Chrono Boost)  
  30  2:50  Gateway  
  32  3:01  Stalker  
  32  3:04  Probe x2 (Chrono Boost)  
  36  3:06  Observer  
  36  3:12  Gateway  
  37  3:20  Pylon  
  37  3:21  Mothership Core (Chrono Boost)  
  37  3:26  Immortal  
  41  3:48  Gateway  
  41  4:00  Immortal  
  41  4:03  Stalker  
  41  4:07  Pylon  
  49  4:15  Zealot x2  
  51  4:21  Pylon  
  45  4:39  Immortal  
  45  4:40  Stalker x3  
  55  4:55  Zealot  
  53  5:07  Zealot x2  
  53  5:08  Zealot  
  48  5:15  Immortal  
  52  5:22  Stalker  
  54  5:29  Stalker  
  54  5:30  Zealot x2  
  60  5:40  Probe x2 (Chrono Boost)  
  60  5:50  Pylon  
  60  5:51  Probe (Chrono Boost)  
  60  5:52  Observer  
  63  6:00  Zealot x3  
  63  6:03  Zealot  
  54  6:24  Stalker x4  
Show
View Real Time Build Order
Export as new Build Order

xKawaiian Terran 

Build Orders: 1/1/1, Liberator Opening 

Get SALT Encoding   

  12  0:00  SCV  
  13  0:13  SCV  
  14  0:17  Supply Depot  
  14  0:25  SCV  
  15  0:31  Refinery  
  15  0:39  SCV  
  16  0:44  Barracks  
  16  0:51  SCV  
  17  1:03  SCV  
  18  1:16  SCV  
  19  1:34  Factory, Marine  
  19  1:37  Orbital Command  
  19  1:38  Supply Depot  
  20  1:41  Refinery  
  20  1:58  Barracks Reactor  
  20  2:04  SCV  
  21  2:16  SCV  
  21  2:19  Starport  
  21  2:21  Widow Mine  
  24  2:24  Supply Depot  
  24  2:28  SCV  
  25  2:34  Marine x2  
  27  2:39  Supply Depot  
  27  2:40  SCV  
  28  2:50  Widow Mine  
  30  2:52  Marine x2  
  30  2:55  SCV  
  33  2:59  Medivac  
  33  3:02  Engineering Bay  
  36  3:13  Supply Depot, Marine  
  36  3:14  Marine  
  36  3:18  SCV  
  38  3:23  Factory Tech Lab  
  38  3:28  Missile Turret  
  38  3:32  Liberator  
  38  3:42  Marine x2  
  38  3:44  Siege Tank  
  43  3:52  SCV  
  47  4:01  Supply Depot  
  47  4:02  Marine  
  48  4:07  Marine  
  49  4:16  Siege Tank  
  52  4:22  Marine  
  53  4:24  Marine  
  49  4:40  Marine  
  49  4:41  Liberator  
  50  4:48  Siege Tank  
  53  4:55  Bunker  
  56  5:11  Marine x2  
  44  5:22  SCV  
  44  5:27  Siege Tank  
  45  5:29  Marine x2  
  47  5:44  SCV  
  47  5:47  Marine x2  
  53  6:05  Marine x2  
Tags
 
Add a new tag
Caveats
  • Supply blocks, unpowered buildings, or Contaminate may cause inaccurate times.
  • Supply counts are checked every 10 seconds.